Description

Just a simple build for my own practice. Nothing special here. :D

Build Order

Get SALT Encoding   

  6  0:00  SCV x4  
  10  0:51  Supply Depot  
  10  1:08  SCV x2  
  12  1:30  Barracks  
  12  1:42  SCV  
  12  1:48  Refinery  
  14  1:59  SCV x2  
  14  2:18  Action  transfer 3 workers to gas
  15  2:35  Refinery, Orbital Command  
  15  2:39  Marine  
  16  2:52  Supply Depot  
  16  3:04  Marine  
  17  3:05  Action  transfer 3 scv to gas
  17  3:10  SCV x3, Action  calldown: MULE
  19  3:30  Factory  
  19  3:36  Marine  
  20  4:01  SCV, Barracks Reactor  
  21  4:30  SCV, Factory Tech Lab, Starport  
  22  4:39  Action  Calldown: MULE
  22  4:47  SCV  
  23  5:20  Action  Swap starport to tech lab on fact
Spawning Tool Build Advisor. Get it on Overwolf

Go to:

Details

  • Created by: captaincluemd
  • Published on: Aug 15, 2020
  • Modified on: Aug 15, 2020
  • Patch: 4.11.0
  • Difficulty: Easy
Show
View Real Time Build Order
Export as new Build Order

Comments (0)

There are no comments. Be the first!

Create an account to comment!